 Dungeon Crawl Stone Soup version 0.21.1-1-g345015f (webtiles) character file.

230 Omega the Bolt Thrower (level 6, 0/35 HPs)
             Began as a Kobold Arcane Marksman on June 4, 2018.
             Succumbed to an adder's poison
             ... on level 3 of the Dungeon.
             The game lasted 00:11:44 (2619 turns).

Omega the Bolt Thrower (Kobold Arcane Marksman)     Turns: 2619, Time: 00:11:44

Health: 0/35       AC:  2    Str:  8    XL:     6   Next: 24%
Magic:  7/8        EV: 15    Int: 16    God:
Gold:   135        SH:  0    Dex: 15    Spells: 4/7 levels left

rFire    . . .     SeeInvis .   d - +0 trident (curse)
rCold    . . .     Gourm    .   (shield currently unavailable)
rNeg     . . .     Faith    .   e - +0 robe
rPois    .         Spirit   .   (no helmet)
rElec    .         Reflect  .   (no cloak)
rCorr    .         Harm     .   (no gloves)
MR       .....                  (no boots)
Stlth    ++........             (no amulet)
HPRegen  0.11/turn              (no ring)
MPRegen  0.11/turn              (no ring)

@: lethally poisoned (0 -> -5)
A: small, carnivore
a: no special abilities


You were on level 3 of the Dungeon.
You were not hungry.

You visited 1 branch of the dungeon, and saw 3 of its levels.

You collected 135 gold pieces.

Inventory:

Hand Weapons
 a - a +0 hand crossbow
 d - a cursed +0 trident (weapon)
 q - a +4 quarterstaff of chaos
Missiles
 u - 6 bolts
Armour
 e - a +0 robe (worn)
 r - a +0 cloak
Jewellery
 b - an uncursed ring of wizardry {unknown}
Wands
 l - a wand of digging (12)
Scrolls
 h - 2 scrolls of remove curse {unknown}
 j - a scroll of noise {unknown}
 k - 2 scrolls of identify {unknown}
 o - 2 scrolls of amnesia {unknown}
 p - a scroll of magic mapping {unknown}
 s - a scroll of random uselessness {unknown}
 t - a scroll of teleportation {unknown}
Potions
 g - a potion of might {unknown}
 i - a potion of degeneration {unknown}
 m - a potion of mutation {unknown}
 n - a potion of brilliance {unknown}
Books
 c - a book of Debilitation

   Spells                             Type                      Level
   a - Corona                         Hexes                        1
   b - Slow                           Hexes                        2
   c - Inner Flame                    Hexes/Fire                   3
   d - Portal Projectile              Hexes/Translocation          3
   e - Cause Fear                     Hexes                        4
   f - Leda's Liquefaction            Hexes/Earth                  4
Comestibles
 f - 2 rations


   Skills:
 + Level 2.0 Fighting
 * Level 6.0 Crossbows
 + Level 2.6 Dodging
 + Level 0.7 Stealth
 + Level 1.4 Spellcasting
 + Level 3.8 Hexes


You had 4 spell levels left.
You knew the following spells:

 Your Spells              Type           Power        Failure   Level  Hunger
a - Corona                Hex            ##.....      4%          1    ##.....
b - Slow                  Hex            ##......     7%          2    ###....


Dungeon Overview and Level Annotations

Branches:
Dungeon (3/15)

Altars:
Dithmenos
Qazlal
Ru
Uskayaw
Xom
Yredelemnul


Innate Abilities, Weirdness & Mutations

You are small and have problems with some larger weapons.
You are carnivorous and can eat meat at any time.


Message History

You feel sick.
There is a lethal amount of poison in your body!
There is a lethal amount of poison in your body!
There is a lethal amount of poison in your body!
There is a lethal amount of poison in your body!
There is a lethal amount of poison in your body!
There is a lethal amount of poison in your body!
There is a lethal amount of poison in your body!
There is a lethal amount of poison in your body!
* * * LOW HITPOINT WARNING * * *
You feel sick.
* * * LOW HITPOINT WARNING * * *
You feel sick.
* * * LOW HITPOINT WARNING * * *
You feel sick.
* * * LOW HITPOINT WARNING * * *
You feel sick.
* * * LOW HITPOINT WARNING * * *
You feel sick.
You die...

#.###.#...........############
#.# ...#....)#...# #.#
.#...........# #..
###......#..# ### ##...#.#..#
#...#.#..# #####....#
########.## #.....@..#####
#.##.........#
......†##..###.# ###.### #...#
# .....# ....## ###.## .# .#


There were no monsters in sight!

Vanquished Creatures
  A centaur zombie (D:3)
  Crazy Yiuf (D:2)
  An orc priest (D:3)
  Jessica (D:2)
  2 adders
  3 oozes (D:2)
  A worm (D:2)
  4 dart slugs
  3 leopard geckos
  5 orcs (D:3)
  7 bats
  5 hobgoblins
  7 jackals
  A quokka (D:3)
  2 frilled lizards
  10 goblins
  7 kobolds
  4 rats
65 creatures vanquished.

Notes
Turn   | Place    | Note
-------+----------+-------------------------------------------
     0 | D:1      | Omega the Kobold Arcane Marksman began the quest for the Orb.
     0 | D:1      | Reached XP level 1. HP: 12/12 MP: 2/2
   110 | D:1      | Reached XP level 2. HP: 16/16 MP: 1/3
   258 | D:1      | Reached skill level 3 in Crossbows
   258 | D:1      | Reached XP level 3. HP: 20/20 MP: 4/4
   262 | D:1      | Learned a level 2 spell: Slow
   829 | D:2      | Noticed Jessica
   833 | D:2      | Killed Jessica
   833 | D:2      | Reached skill level 4 in Crossbows
   833 | D:2      | Reached XP level 4. HP: 11/25 MP: 5/5
  1390 | D:2      | Reached XP level 5. HP: 24/30 MP: 6/6
  1428 | D:2      | Found a shimmering altar of Xom.
  1625 | D:2      | Found a runed door.
  2034 | D:2      | Noticed Crazy Yiuf
  2041 | D:2      | Killed Crazy Yiuf
  2041 | D:2      | Reached skill level 5 in Crossbows
  2314 | D:3      | Found a hide-covered altar of Uskayaw.
  2415 | D:3      | Found a stormy altar of Qazlal.
  2417 | D:3      | Found a basalt altar of Yredelemnul.
  2418 | D:3      | Found a shadowy altar of Dithmenos.
  2469 | D:3      | Found a sacrificial altar of Ru.
  2566 | D:3      | Reached XP level 6. HP: 35/35 MP: 6/8
  2584 | D:3      | Reached skill level 6 in Crossbows
  2617 | D:3      | HP: 1/35 [poisoned by an adder]
  2619 | D:3      | Succumbed to an adder's poison

Skill      XL: |  1  2  3  4  5  6 |
---------------+-------------------+-----
Crossbows      | 3 4 5 6 |  6.0
Fighting       | 2 |  2.0
Dodging        | |  2.6
Stealth        | |  0.7
Spellcasting   | |  1.4
Hexes          | |  3.8

Action                   |  1- 3 |  4- 6 || total
-------------------------+-------+-------++-------
Melee: Trident           |       |     9 ||     9
 Fire: Hand crossbow     |    51 |   106 ||   157
 Cast: Corona            |     2 |     8 ||    10
       Slow              |       |     1 ||     1
  Eat: Ration            |       |     3 ||     3
Armor: Robe              |     5 |     3 ||     8
Dodge: Dodged            |    18 |    36 ||    54
